 Dungeon Sprint DCSS version 0.30.1-4-g462c640d31 (webtiles) character file.

Game seed: 8903787564360388897

3852 boopmooplesden the Spear-Bearer (level 9, -1/142 HPs)
             Began as an Armataur Berserker on Sept 14, 2023.
             Was the Champion of Trog.
             Slain by Maurice
             ... wielding a +3 dagger of speed
              (11 damage)
             ... in the Dungeon (Sprint VII: "The Pits").
             The game lasted 00:03:28 (1315 turns).

boopmooplesden the Spear-Bearer (AtBe)              Turns: 1315, Time: 00:03:29

Health: -1/142     AC:  0    Str: 26    XL:     9   Next: 99%
Magic:  9/9        EV: 16    Int:  7    God:    Trog [******]
Gold:   0          SH:  0    Dex: 11    Spells: 8/8 levels left

rFire   . . .        b - melded +3 bardiche (flame)
rCold   . . .        (shield currently unavailable)
rNeg    . . .        t - melded +4 chain mail
rPois   .            (helmet currently unavailable)
rElec   .            (cloak currently unavailable)
rCorr   .            u - melded +0 pair of gloves
SInv    .            (no barding)
Will    .....        (no amulet) Stlth
                     (ring currently unavailable)
HPRegen 0.43/turn    (ring currently unavailable)
MPRegen 0.11/turn

%: no teleportation, roll
@: berserking (expiring), pig-form, very quick
A: fast, no casting, small, rugged brown scales 3, (deformed body), (armoured
tail), roll, long tongue, awkward tongue
a: Renounce Religion, Berserk, Trog's Hand, Brothers in Arms


You were in the Dungeon.
You worshipped Trog.
Trog was exalted by your worship.
You were a filthy swine.
You visited 1 branch

Inventory:

Hand Weapons
 a - a +0 spear
 b - a +3 bardiche of flaming (melded)
 i - a +2 trident
 n - a +5 heavy spear
 s - a +2 halberd of venom
Armour
 t - a +4 chain mail (melded)
 u - a +0 pair of gloves (melded)
Jewellery
 o - a +3 ring of intelligence
Scrolls
 k - a scroll of butterflies
Potions
 c - 6 potions of curing
 d - 5 potions of heal wounds
 e - 3 potions of haste
 f - 4 potions of magic
 g - a potion of berserk rage
 j - 2 potions of invisibility
 q - 2 potions of might
 r - a potion of resistance


   Skills:
 + Level 11.4 Fighting
 + Level 13.6 Polearms
 + Level 11.6 Armour
 + Level 6.0 Dodging
 + Level 1.3 Stealth
 + Level 0.6 Unarmed Combat


You had 8 spell levels left.
You didn't know any spells.
Your spell library was empty.

Dungeon Overview and Level Annotations

Branches:
Dungeon (1/1)

Altars:
Gozag
Hepliaklqana
Sif Muna
Trog
Jiyva

Annotations:
D Maurice


Innate Abilities, Weirdness & Mutations

You are a filthy swine.
You move quickly.
Your equipment is almost entirely melded.
You are incapable of wielding weapons or throwing items.
You cannot cast spells.
(You are completely covered in rugged brown scales. (AC +3, +7% HP))
((Armour fits poorly on your strangely shaped body.))
((You have a long armoured tail.))
You roll when moving toward enemies. (Rampage)
Your long tongue fully drains potion bottles. (2x potion effects)
Your tongue gives you trouble enunciating. (1.5x scroll delay)


Message History

You barely miss something. You closely miss something. Something hits you.
You hit something.
You hear some strange, mumbled words.
Something tries to affect you, but you resist.
You barely miss something. You bite something!
You hear some strange, mumbled words.
You barely miss something. You hit something. Something hits you.
Something steals your +1 heavy trident!
You miss something. Something completely misses you.
You miss something. You closely miss something. You bite something!
Trog accepts your kill.
Trog appreciates your killing of a magic user.
Reactivating autopickup.
You feel a bit more experienced. Something barely misses you.
Things that are here:
a +0 dagger; a +0 robe Deactivating autopickup; reactivate with Ctrl-A.
You barely miss something. Something hits you!
Something steals your +3 ring of strength!
You closely miss something. Something hits you!
* * * LOW HITPOINT WARNING * * *
Something steals your scroll of blinking!
You barely miss something. You bite something! Something hits you!
* * * LOW HITPOINT WARNING * * *
Something mutters, "Now where did you hide it?"
You miss something. Something hits you!
* * * LOW HITPOINT WARNING * * *
Something mutters, "Now where did you hide it?"
You barely miss something. Something hits you!
* * * LOW HITPOINT WARNING * * *
Something groans, "What are you, a monk?"
You barely miss something. You completely miss something. Something hits you!
You die...

...........#
.#..#......#
...........+
...........+
.#..#......#
...))......#
####)'######
..##''##############
..##....†.#...).h{.#
..##....###)..###...#
..##...##.')..+
#.....#
..##..##..##'##
#...##
..##..#..##...## ...#
..##..#.)#.....# ..#
####..'..'.....+ .+
####..#..#..)..# .#
[[##..#..##...##


There were no monsters in sight!

Vanquished Creatures
  A great orb of eyes (D)
  A wizard (D)
  A gargoyle (D)
  A kobold demonologist (D)
  An ice devil (D)
  2 jumping spiders (D)
  A flying skull (D)
  2 spriggans (D)
  A steam dragon (D)
  A floating eye (D)
  An ice beast (D)
  4 wolves (D)
  A centaur (D)
  A kobold brigand (D)
  A gnoll bouda (D)
  2 orc priests (D)
  An iguana (D)
  2 orc wizards (D)
  5 gnolls (D)
  An adder (D)
  A river rat (D)
  A white imp (D)
  A worm (D)
  3 orcs (D)
  A bat (D)
  3 giant cockroaches (D)
  A jackal (D)
  A frilled lizard (D)
  A goblin (D)
  6 kobolds (D)
  A quokka skeleton (D)
  2 rats (D)
53 creatures vanquished.

Vanquished Creatures (collateral kills)
  A snapping turtle (D)
1 creature vanquished.

Vanquished Creatures (others)
  A warg (D)
1 creature vanquished.

Grand Total: 55 creatures vanquished

Notes
Turn   | Place    | Note
-------+----------+-------------------------------------------
     0 | D        | boopmooplesden the Armataur Berserker began the quest for
                  | the Orb.
     0 | D        | Reached XP level 1. HP: 19/19 MP: 1/1
    20 | D        | Found a bloodstained altar of Trog.
    20 | D        | Found a shimmering blue altar of Sif Muna.
    20 | D        | Found a viscous altar of Jiyva.
    20 | D        | Found a hazy altar of Hepliaklqana.
    20 | D        | Found an opulent altar of Gozag.
    50 | D        | Noticed a floating eye
    53 | D        | Killed a floating eye
    54 | D        | Reached skill level 5 in Fighting
    54 | D        | Reached skill level 5 in Polearms
    54 | D        | Reached XP level 2. HP: 31/31 MP: 2/2
    54 | D        | Reached XP level 3. HP: 38/38 MP: 3/3
    54 | D        | Reached XP level 4. HP: 44/44 MP: 4/4
    57 | D        | Reached ** piety under Trog
    88 | D        | Reached *** piety under Trog
    89 | D        | Reached skill level 6 in Polearms
    94 | D        | Reached XP level 5. HP: 53/53 MP: 5/5
   101 | D        | Reached **** piety under Trog
   173 | D        | Noticed a flying skull
   185 | D        | Killed a flying skull
   186 | D        | Reached skill level 8 in Polearms
   186 | D        | Reached skill level 5 in Armour
   186 | D        | Reached XP level 6. HP: 64/64 MP: 6/6
   187 | D        | Reached ***** piety under Trog
   220 | D        | Noticed a great orb of eyes
   223 | D        | Killed a great orb of eyes
   224 | D        | Reached skill level 10 in Polearms
   224 | D        | Reached skill level 5 in Dodging
   224 | D        | Reached XP level 7. HP: 19/74 MP: 7/7
   502 | D        | Received a gift from Trog
   511 | D        | Reached XP level 8. HP: 83/83 MP: 8/8
   520 | D        | Noticed an ice devil
   527 | D        | Reached skill level 11 in Polearms
   532 | D        | Killed an ice devil
   637 | D        | Noticed a kobold demonologist
   647 | D        | Killed a kobold demonologist
   647 | D        | Received a gift from Trog
   648 | D        | Reached skill level 10 in Fighting
   648 | D        | Reached skill level 12 in Polearms
   649 | D        | Reached ****** piety under Trog
   652 | D        | Received a gift from Trog
   669 | D        | Noticed a snapping turtle
   685 | D        | Reached XP level 9. HP: 43/90 MP: 9/9
   927 | D        | Received a gift from Trog
   928 | D        | Reached skill level 10 in Armour
  1164 | D        | Reached skill level 13 in Polearms
  1196 | D        | Received a gift from Trog
  1206 | D        | Noticed a gargoyle
  1210 | D        | Killed a gargoyle
  1211 | D        | Reached skill level 1 in Stealth
  1276 | D        | Noticed a wizard
  1279 | D        | Noticed Maurice
  1306 | D        | Killed a wizard
  1315 | D        | Slain by Maurice

Illustrated notes

Levels and vault maps discovered:
D:        pitsprint [storerooms_1, entrance_room_1, metal_vault_6, armoury_1,
          mini_pit_1, grid_room_1, main_hall_1, silver_pit, the_coven_3,
          the_vestibule_1, steel_vault_5, golden_pit, hallway_of_sentries,
          crystal_vault_2, iron_vault_1, final_vault]

Skill      XL: |  1  2  3  4  5  6  7  8  9 |
---------------+----------------------------+-----
Fighting       | 5 6 7 9 10 11 | 11.4
Polearms       | 5 6 8 10 12 13 | 13.6
Armour         | 3 4 5 6 8 11 | 11.6
Dodging        | 2 3 5 6 |  6.0
Stealth        | 1 |  1.3
Unarmed Combat | |  0.6

Action                     |  1- 3 |  4- 6 |  7- 9 || total
---------------------------+-------+-------+-------++-------
  Melee: Spear             |     6 |       |    12 ||    18
         Trident           |     3 |    39 |    15 ||    57
         Tailslap          |     2 |     2 |    17 ||    21
         Punch             |       |     1 |       ||     1
         Halberd           |       |       |    14 ||    14
         Bardiche          |       |       |    47 ||    47
         Unarmed           |       |       |    25 ||    25
 Invoke: Berserk           |       |     2 |     5 ||     7
         Trog's Hand       |       |       |     1 ||     1
         Brothers in Arms  |       |       |     1 ||     1
    Use: Potion            |       |       |     3 ||     3
 Armour: Animal skin       |     3 |    13 |       ||    16
         Chain mail        |       |     3 |    80 ||    83
  Dodge: Dodged            |     2 |    27 |    86 ||   115
